 Dungeon Crawl Stone Soup version 0.21.1-1-g345015f (webtiles) character file.

48796 sking99 the Basher (level 14, -2/123 HPs)
             Began as a Naga Fighter on June 21, 2018.
             Was a Priest of Cheibriados.
             Killed from afar by an orc sorcerer (27 damage)
             ... with a bolt of negative energy
             ... on level 2 of the Orcish Mines.
             The game lasted 01:20:37 (19655 turns).

sking99 the Basher (Naga Fighter)                  Turns: 19655, Time: 01:20:38

Health: -2/123     AC: 17    Str: 27    XL:     14   Next: 47%
Magic:  0/21       EV: 15    Int: 21    God:    Cheibriados [***...]
Gold:   1493       SH: 13    Dex: 22    Spells: 14/23 levels left

rFire    + . .     SeeInvis +   y - +10 whip of the Shark {flame, rF+ MR++ Int+3}
rCold    . . .     Gourm    .   c - +1 shield
rNeg     . . .     Faith    .   K - +3 ring mail {rPois}
rPois    +         Spirit   +   T - +1 helmet
rElec    .         Reflect  .   (no cloak)
rCorr    .         Harm     .   l - +2 pair of gloves
MR       ++++.                  (no barding)
Stlth    +++.......             b - amulet of guardian spirit
HPRegen  0.30/turn              C - ring of protection from magic
MPRegen  0.17/turn              P - +2 ring of evasion

@: drained, very slow
A: large, see invisible, deformed body, poison resistance, slowness 2, slow
metabolism 1, spit poison 1, constrict 1, AC +4
a: Spit Poison, Bend Time, Temporal Distortion, Renounce Religion


You were on level 2 of the Orcish Mines.
You worshipped Cheibriados.
Cheibriados was most pleased with you.
You were not hungry.

You visited 4 branches of the dungeon, and saw 20 of its levels.
You also visited: Labyrinth.

You collected 1493 gold pieces.

Inventory:

Hand Weapons
 y - the +10 whip of the Shark (weapon) {flame, rF+ MR++ Int+3}
   (You found it on level 8 of the Dungeon)

   It has been specially enchanted to burn those struck by it, causing extra
   injury to most foes and up to half again as much damage against particularly
   susceptible opponents.
   It affects your intelligence (+3).
   It protects you from fire.
   It affects your resistance to hostile enchantments.
Armour
 c - a +1 shield (worn)
 l - a +2 pair of gloves (worn)
 K - a +3 ring mail of poison resistance (worn)
 M - the +0 ring mail "Cyulofaem" {MR- Int+7 Dex-2}
   (You found it on level 6 of the Lair of Beasts)

   It affects your intelligence (+7).
   It affects your dexterity (-2).
   It affects your resistance to hostile enchantments.
 T - a +1 helmet (worn)
Jewellery
 b - an amulet of guardian spirit (around neck)
 k - an uncursed ring of magical power
 p - an uncursed ring of positive energy
 r - an uncursed ring of magical power
 C - a ring of protection from magic (left hand)
 P - a +2 ring of evasion (right hand)
Wands
 m - a wand of acid (30)
 s - a wand of polymorph (28)
 B - a wand of paralysis (9)
 E - a wand of flame (27)
 S - a wand of scattershot (4)
Scrolls
 h - 3 scrolls of immolation
 j - 3 scrolls of magic mapping
 t - 6 scrolls of teleportation
 u - 2 scrolls of enchant armour
 I - 4 scrolls of remove curse
 Q - a scroll of fear
 Z - a scroll of summoning
Potions
 d - 3 potions of might
 e - 4 potions of flight
 g - 2 potions of lignification
 i - 6 potions of haste
 n - 12 potions of degeneration
 o - 4 potions of curing
 q - a potion of berserk rage
 v - 4 potions of cancellation
 z - a potion of magic
 A - a potion of resistance
 N - a potion of agility {unknown}
 O - a potion of brilliance {unknown}
 R - a potion of heal wounds {unknown}
 U - a potion of ambrosia {unknown}
 W - 2 potions of invisibility {unknown}
Books
 w - a book of Power

   Spells                             Type                      Level
   a - Iskenderun's Battlesphere      Conjuration/Charms           5
   b - Venom Bolt                     Conjuration/Poison           5
   c - Bolt of Magma                  Conjuration/Fire/Earth       5
   d - Iron Shot                      Conjuration/Earth            6
   e - Orb of Destruction             Conjuration                  7
   f - Spellforged Servitor           Conjuration/Summoning        7
 D - a book of Cantrips

   Spells                             Type                      Level
   a - Confusing Touch                Hexes                        1
   b - Animate Skeleton               Necromancy                   1
   c - Summon Small Mammal            Summoning                    1
   d - Apportation                    Translocation                1
 F - a book of Frost

   Spells                             Type                      Level
   a - Freeze                         Ice                          1
   b - Throw Frost                    Conjuration/Ice              2
   c - Ozocubu's Armour               Charms/Ice                   3
   d - Throw Icicle                   Conjuration/Ice              4
   e - Summon Ice Beast               Ice/Summoning                4
 G - Locesuam's Collected Works on Transformation and Snow
   (You found it on level 10 of the Dungeon)

   Spells                             Type                      Level
   a - Beastly Appendage              Transmutation                1
   b - Ignite Poison                  Fire/Transmutation/Poison    3
   c - Throw Icicle                   Conjuration/Ice              4
   d - Summon Ice Beast               Ice/Summoning                4
   e - Hydra Form                     Transmutation                6
 H - a book of Transfigurations

   Spells                             Type                      Level
   a - Irradiate                      Conjuration/Transmutation    5
   b - Statue Form                    Transmutation/Earth          6
   c - Hydra Form                     Transmutation                6
   d - Dragon Form                    Transmutation                7
 J - a book of Air

   Spells                             Type                      Level
   a - Shock                          Conjuration/Air              1
   b - Swiftness                      Charms/Air                   2
   c - Static Discharge               Conjuration/Air              3
   d - Airstrike                      Air                          4
   e - Lightning Bolt                 Conjuration/Air              5
 L - the Papyrus of Ghastly Good Luck
   (You found it in a labyrinth)

   Spells                             Type                      Level
   a - Swiftness                      Charms/Air                   2
   b - Spectral Weapon                Hexes/Charms                 3
   c - Bolt of Draining               Conjuration/Necromancy       5
   d - Iskenderun's Battlesphere      Conjuration/Charms           5
   e - Dispel Undead                  Necromancy                   5
Comestibles
 f - 39 rations


   Skills:
 * Level 7.5(6.8) Fighting
 - Level 12.0(11.2) Maces & Flails
   Level 2.1(1.5) Polearms
 + Level 7.8(7.1) Armour
 + Level 6.8(6.1) Dodging
 - Level 5.1(4.4) Stealth
 + Level 8.0(7.3) Shields
 - Level 5.3(4.6) Spellcasting
 - Level 4.0(3.4) Translocations
 - Level 5.8(5.1) Transmutations
 - Level 5.7(5.1) Earth Magic
 - Level 10.0(9.2) Invocations


You had 14 spell levels left.
You knew the following spells:

 Your Spells              Type           Power        Failure   Level  Hunger
a - Statue Form           Tmut/Erth      ####.....    99%         6    #######
b - Apportation           Tloc           ###...       5%          1    None
c - Blink                 Tloc           N/A          9%          2    #......


Dungeon Overview and Level Annotations

Branches:
Dungeon (11/15)            Temple (1/1) D:5            Lair (6/6) D:10
  Swamp (0/4) Lair:2        Snake (0/4) Lair:3        Slime (0/5) Lair:6
    Orc (2/2) D:9
    Elf: Orc:2

Altars:
Ashenzari
Cheibriados
Dithmenos
Elyvilon
Fedhas
Gozag
Hepliaklqana
Kikubaaqudgha
Makhleb
Nemelex Xobeh
Okawaru
Qazlal
Ru
Sif Muna
Trog
Uskayaw
Vehumet
Wu Jian
Xom
Yredelemnul
Zin
The Shining One
Beogh
Jiyva

Shops:
D:4 :

Annotations:
D:3 w0lly's ghost, amateur DEIE
Orc:2 Urug


Innate Abilities, Weirdness & Mutations

You cannot wear boots.
Your serpentine skin is tough. (AC +4)
You have supernaturally acute eyesight. (SInv)
Armour fits poorly on your strangely shaped body.
Your system is resistant to poisons. (rPois)
You cover ground very slowly.
You have a slow metabolism.
You can spit poison.
You can use your snake-like lower body to constrict enemies.


Message History

The bolt of negative energy misses you. You block the orange demon's attack.
The orange demon closely misses you. The smoke demon gestures at you.
Something smites you! You block the orc warlord's attack.
You block the orange demon's attack.
The orange demon hits you but does no damage.
The orc knight hits you with an enchanted long sword!!
Urug hits you but does no damage. You block the orc warlord's attack.
Items here: )) [[ a robe; a dagger; a leather armour; a falchion You block the orange demon's attack. x2; The orange demon stings you!
The orange demon hits you but does no damage.
The orc sorcerer closely misses you.
The orc knight hits you with an enchanted long sword!
Urug hits you from afar with a halberd!
* * * LOW HITPOINT WARNING * * *
The orange demon closely misses you. x2
The orc sorcerer gestures at you while chanting.
The bolt of negative energy hits you!
You feel drained.
You die...

..##$##.... #.o...#
......<....# #.o...#
##..........# #.(...#
..#......$..# ####8oo.8#
............####..#(o...#
................[.oo.....
.......#.[o.....[[o4(....
........[o#.....[........
#....[@43o.............
o......#$ooo.............
.............(.).........
.........)...............
.........................
..................#......
..................#....#
##.............#......
##.................


You could see an orc warlord, 2 orc knights, Urug, an orange demon, a smoke
demon, an orc sorcerer and an orc warrior.

Vanquished Creatures
  Nessos (Lair:6)
  A dire elephant (Lair:6)
  A minotaur (Lab)
  4 hydras
  Fannar (D:10)
  2 catoblepae (Lair:6)
  2 two-headed ogres
  3 death yaks (Lair:6)
  An orc high priest (Orc:2)
  Sonja (Lair:1)
  An orc knight (Orc:1)
  2 lindwurms (Lair:6)
  An orc sorcerer (Orc:2)
  An oklob plant (Lair:5)
  2 manticores (Lair:6)
  A cyclops (D:11)
  9 elephants
  A black mamba (Lair:6)
  A torpor snail (Lair:6)
  A gargoyle (D:11)
  9 spiny frogs
  7 rime drakes
  9 komodo dragons
  2 polar bears (Lair:6)
  3 trolls
  7 dream sheep
  10 blink frogs
  12 hippogriffs
  A spriggan (D:7)
  15 yaks
  9 wyverns (Lair:4)
  10 basilisks
  3 wargs
  A naga (Lair:3)
  A soldier ant (D:11)
  9 water moccasins
  17 orc warriors
  A swamp drake (D:9)
  20 porcupines
  2 sky beasts
  A black bear (D:10)
  4 ice beasts
  2 phantoms
  2 necrophages
  3 eyes of draining (D:9)
  4 ogres
  6 wolves (Lair:6)
  12 centaurs
  9 crocodiles
  10 bullfrogs
  A gnoll sergeant (D:7)
  3 scorpions
  4 wights (D:11)
  An electric eel (Lair:1)
  3 howler monkeys
  7 crimson imps
  A centaur zombie (D:6)
  A bullfrog zombie (D:11)
  2 hounds
  3 jellies
  4 bullfrog skeletons
  2 centaur skeletons (D:7)
  16 orc priests
  An iguana (D:10)
  15 orc wizards
  4 worker ants
  2 hound skeletons
  2 howler monkey zombies
  A worker ant zombie (D:7)
  13 gnolls
  22 adders
  An adder skeleton (D:6)
  4 worms
  3 dart slugs
  7 leopard geckos
  57 orcs
  5 bats
  6 giant cockroaches
  3 hobgoblins
  4 jackals (D:9)
  3 kobolds
  4 quokkas
  2 ball pythons
  5 frilled lizards
  7 goblins
  2 jackal skeletons (D:6)
  A leopard gecko skeleton (D:5)
  A quokka skeleton (D:4)
  8 rats
  2 plants (D:2)
471 creatures vanquished.

Vanquished Creatures (others)
  7 fungi
  9 plants
16 creatures vanquished.

Grand Total: 487 creatures vanquished

Notes
Turn   | Place    | Note
-------+----------+-------------------------------------------
     0 | D:1      | sking99 the Naga Fighter began the quest for the Orb.
     0 | D:1      | Reached XP level 1. HP: 21/21 MP: 1/1
   413 | D:1      | Reached XP level 2. HP: 28/28 MP: 2/2
   537 | D:1      | Reached skill level 1 in Stealth
   900 | D:2      | Reached skill level 1 in Maces & Flails
  1013 | D:2      | Reached XP level 3. HP: 29/34 MP: 3/3
  1072 | D:2      | Reached skill level 2 in Maces & Flails
  1189 | D:2      | Reached XP level 4. HP: 13/42 MP: 4/4
  1459 | D:2      | Reached skill level 3 in Maces & Flails
  1686 | D:2      | Reached XP level 5. HP: 43/49 MP: 5/5
  2143 | D:3      | Noticed w0lly's ghost (amateur DEIE)
  2653 | D:4      | Reached skill level 4 in Maces & Flails
  2654 | D:4      | Reached XP level 6. HP: 43/56 MP: 6/6
  2657 | D:4      | Reached skill level 5 in Stealth
  2764 | D:4      | Noticed an ice beast
  2771 | D:4      | Killed an ice beast
  2992 | D:4      | Found Kalokint's Book Shop.
  3317 | D:4      | Reached skill level 5 in Maces & Flails
  3365 | D:4      | Reached XP level 7. HP: 46/62 MP: 7/7
  3651 | D:5      | Entered Level 5 of the Dungeon
  4252 | D:5      | Reached skill level 6 in Maces & Flails
  4273 | D:5      | Found a shadowy altar of Dithmenos.
  4379 | D:5      | Reached XP level 8. HP: 69/69 MP: 8/8
  4395 | D:5      | Found a staircase to the Ecumenical Temple.
  4457 | D:5      | Found a sparkling altar of Nemelex Xobeh.
  4785 | Temple   | Entered the Ecumenical Temple
  4906 | Temple   | Became a worshipper of Cheibriados the Contemplative
  5048 | D:6      | Found a snail-covered altar of Cheibriados.
  5101 | D:6      | Reached skill level 7 in Maces & Flails
  5101 | D:6      | Reached skill level 1 in Invocations
  5206 | D:5      | Reached * piety under Cheibriados
  5492 | D:6      | Reached skill level 8 in Maces & Flails
  5735 | D:6      | Found a glowing golden altar of the Shining One.
  5735 | D:6      | Found a shimmering altar of Xom.
  5736 | D:6      | Found a glowing silver altar of Zin.
  5747 | D:6      | Reached XP level 9. HP: 64/76 MP: 11/11
  6684 | D:7      | Reached skill level 9 in Maces & Flails
  6730 | D:7      | Reached ** piety under Cheibriados
  7023 | D:7      | Reached skill level 5 in Invocations
  7149 | D:7      | Found an opulent altar of Gozag.
  7697 | D:8      | Got a faintly glowing whip
  7698 | D:8      | Identified the +10 whip of the Shark {flame, rF+ MR++ Int+3} (You found it on level 8 of the Dungeon)
  7907 | D:8      | Reached skill level 10 in Maces & Flails
  8321 | D:9      | Noticed a troll
  8331 | D:9      | Killed a troll
  8333 | D:9      | Reached *** piety under Cheibriados
  8336 | D:9      | Reached XP level 10. HP: 39/84 MP: 14/14
  8707 | D:9      | Noticed a two-headed ogre
  8714 | D:9      | Killed a two-headed ogre
  8714 | D:9      | Reached skill level 11 in Maces & Flails
  9087 | D:9      | Found a bloodstained altar of Trog.
  9183 | D:9      | Reached **** piety under Cheibriados
  9435 | D:9      | Found a staircase to the Orcish Mines.
  9693 | D:9      | Reached skill level 12 in Maces & Flails
  9714 | D:10     | Entered Level 10 of the Dungeon
  9730 | D:10     | Identified Locesuam's Collected Works on Transformation and Snow
  9734 | D:10     | Reached skill level 1 in Dodging
  9783 | D:10     | Reached XP level 11. HP: 51/90 MP: 11/17
 10114 | D:10     | Found a staircase to the Lair.
 10708 | D:10     | Noticed Fannar
 10726 | D:10     | Killed Fannar
 11026 | D:11     | Reached ***** piety under Cheibriados
 11040 | D:11     | Reached skill level 5 in Armour
 11067 | D:11     | Found a labyrinth entrance.
 11076 | Lab      | Entered a labyrinth
 11796 | Lab      | Noticed a minotaur
 11805 | Lab      | Killed a minotaur
 11805 | Lab      | Reached skill level 5 in Shields
 11814 | Lab      | Identified the Papyrus of Ghastly Good Luck
 11886 | D:11     | Learned a level 6 spell: Statue Form
 11970 | D:11     | Noticed a cyclops
 11975 | D:11     | Killed a cyclops
 11975 | D:11     | Reached skill level 1 in Transmutations
 12042 | D:11     | Found a glowing golden altar of the Shining One.
 12172 | D:11     | Noticed a two-headed ogre
 12183 | D:11     | Killed a two-headed ogre
 12183 | D:11     | Reached skill level 1 in Spellcasting
 12183 | D:11     | Reached skill level 1 in Earth Magic
 12492 | Lair:1   | Entered Level 1 of the Lair of Beasts
 12492 | Lair:1   | Noticed Sonja
 12506 | Lair:1   | Killed Sonja
 12682 | Lair:1   | Reached skill level 10 in Invocations
 12796 | Lair:1   | Reached XP level 12. HP: 97/97 MP: 19/19
 13323 | Lair:2   | Identified the Catalogue of the Hurtful Snowflakes
 13565 | Lair:2   | Learned a level 1 spell: Apportation
 13574 | Lair:2   | Learned a level 2 spell: Blink
 13734 | Lair:2   | Found a staircase to the Swamp.
 14067 | Lair:3   | Reached skill level 1 in Translocations
 14229 | Lair:3   | Found a staircase to the Snake Pit.
 14281 | Lair:3   | Noticed an eight-headed hydra
 14288 | Lair:3   | Killed an eight-headed hydra
 15014 | Lair:4   | Noticed a five-headed hydra
 15015 | Lair:4   | Reached skill level 5 in Dodging
 15016 | Lair:4   | Gained mutation: You can use your snake-like lower body to constrict enemies. [Naga growth]
 15016 | Lair:4   | Reached XP level 13. HP: 103/103 MP: 14/20
 15263 | Lair:4   | Reached skill level 5 in Transmutations
 15665 | Lair:5   | Reached skill level 5 in Earth Magic
 15949 | Lair:5   | Found a stormy altar of Qazlal.
 16784 | Lair:6   | Entered Level 6 of the Lair of Beasts
 16973 | Lair:6   | Got a smoking rapier
 16974 | Lair:6   | Identified the cursed +2 rapier "Yxkeroxu" {venom, +Inv Int-5 SInv} (You found it on level 6 of the Lair of Beasts)
 17026 | Lair:6   | Reached skill level 5 in Spellcasting
 17306 | Lair:6   | Reached skill level 5 in Fighting
 17505 | Lair:6   | Found a staircase to the Slime Pits.
 17506 | Lair:6   | Found a viscous altar of Jiyva.
 17517 | Lair:6   | Noticed Nessos
 17924 | Lair:6   | Reached XP level 14. HP: 106/117 MP: 19/21
 18191 | Lair:6   | Noticed a dire elephant
 18207 | Lair:6   | Killed a dire elephant
 18230 | Lair:6   | Got an amethyst-encrusted ring mail
 18231 | Lair:6   | Identified the +0 ring mail "Cyulofaem" {MR- Int+7 Dex-2} (You found it on level 6 of the Lair of Beasts)
 18282 | Lair:6   | Killed Nessos
 18453 | Orc:1    | Entered Level 1 of the Orcish Mines
 18632 | Orc:2    | Entered Level 2 of the Orcish Mines
 19288 | Orc:2    | Noticed an orc warlord
 19291 | Orc:2    | Noticed Urug
 19295 | Orc:2    | Found a roughly hewn altar of Beogh.
 19655 | Orc:2    | Killed from afar by an orc sorcerer

Skill      XL: |  1  2  3  4  5  6  7  8  9 10 11 12 13 14 |
---------------+-------------------------------------------+-----
Stealth        | 2 3 4 5 |  5.1
Maces & Flails | 1 2 3 4 5 6 8 10 12 | 12.0
Armour         | 3 4 5 6 7 |  7.8
Shields        | 3 4 5 6 7 8 |  8.0
Invocations    | 3 6 8 10 | 10.0
Dodging        | 2 3 5 6 |  6.8
Transmutations | 2 4 5 |  5.8
Spellcasting   | 1 3 5 |  5.3
Earth Magic    | 2 4 5 |  5.7
Translocations | 4 |  4.0
Fighting       | 5 7 |  7.5
Polearms       | |  2.1

Action                   |  1- 3 |  4- 6 |  7- 9 | 10-12 | 13-15 || total
-------------------------+-------+-------+-------+-------+-------++-------
Melee: Trident           |    15 |       |       |       |       ||    15
       Whip              |    56 |   144 |   437 |   562 |   437 ||  1636
       Constrict         |       |       |       |       |    77 ||    77
Invok: Slouch            |       |       |       |     5 |    10 ||    15
       Temporal Distorti |       |       |       |     4 |     3 ||     7
       Bend Time         |       |       |       |     1 |       ||     1
 Abil: Spit Poison       |    12 |    23 |    12 |     1 |       ||    48
  Use: Scroll            |       |     8 |     3 |     7 |    11 ||    29
       Potion            |       |       |     1 |     2 |       ||     3
 Stab: Sleeping          |       |       |       |    13 |     8 ||    21
       Distracted        |       |       |       |     2 |       ||     2
  Eat: Chunk             |     1 |     7 |     7 |    10 |    10 ||    35
       Ration            |       |       |     1 |     2 |     1 ||     4
Armor: Scale mail        |    20 |    16 |       |       |       ||    36
       Chain mail        |       |    20 |     5 |    22 |       ||    47
       Plate armour      |       |       |   173 |    29 |       ||   202
       Ring mail         |       |       |       |    72 |   125 ||   197
Dodge: Dodged            |     8 |    19 |    23 |   111 |   191 ||   352
Block: Shield            |    17 |    44 |   177 |   233 |   271 ||   742
